 Dungeon Crawl Stone Soup version 0.28.0-53-g5a82cb258f (webtiles) character file.

Game seed: 3129540014092976421

402 Sin92 the Chopper (level 6, 0/48 HPs)
             Began as a Demonspawn Fighter on July 28, 2022.
             Slain by Grinder (1 damage)
             ... while paralysed by Grinder
             ... on level 4 of the Dungeon.
             The game lasted 00:04:31 (4106 turns).

Sin92 the Chopper (Demonspawn Fighter)              Turns: 4106, Time: 00:04:31

Health: 0/48       AC:  8    Str: 19    XL:     6   Next: 55%
Magic:  0/6        EV:  2    Int:  9    God:
Gold:   78         SH:  0    Dex: 12    Spells: 5/5 levels left

rFire   . . .      SeeInvis +   a - +0 war axe
rCold   . . .      Faith    .   c - +0 buckler
rNeg    . . .      Spirit   +   b - +1 scale mail
rPois   .          Reflect  +   (helmet restricted)
rElec   .          Harm     .   (no cloak)
rCorr   .          Rampage  .   (no gloves)
Will    .....                   (no boots)
Stlth   ..........              r - amulet of reflection
HPRegen 0.16/turn               o - +4 ring of evasion
MPRegen 0.20/turn               n - ring of see invisible

@: paralysed
A: antennae 2, magic shield, magic regeneration, demonic magic 1
a: no special abilities


You were on level 4 of the Dungeon.
You visited 1 branch of the dungeon, and saw 4 of its levels.

You collected 78 gold pieces.

Inventory:

Hand Weapons
 a - a +0 war axe (weapon)
Armour
 b - a +1 scale mail (worn)
 c - a +0 buckler (worn)
Jewellery
 n - a ring of see invisible (right hand)
 o - a +4 ring of evasion (left hand)
 r - an amulet of reflection (around neck)
Scrolls
 g - a scroll of enchant weapon {unknown}
 h - a scroll of blinking
 i - a scroll of magic mapping {unknown}
 k - 3 scrolls of identify
 l - a scroll of teleportation
Potions
 d - 3 potions of might
 e - a potion of flight {unknown}
 f - a potion of lignification {unknown}
 q - a potion of curing {unknown}


   Skills:
 + Level 4.2 Fighting
 * Level 4.3 Axes
 + Level 3.8 Armour
 + Level 3.8 Shields


You had 5 spell levels left.
You didn't know any spells.
Your spell library contained the following spells:

 Spells                   Type           Power      Damage    Failure   Level
 Corpse Rot               Necr/Air       0%         N/A       93%         2
 Poisonous Vapours        Pois/Air       0%         N/A       93%         2


Dungeon Overview and Level Annotations

Branches:
Dungeon (4/15)
 Temple: D:4-7

Altars:

Shops:
D:1 =

Annotations:
D:4 2 transporters, 1 runed translucent door, Arex's ghost, amateur MiBe; Crazy Yiuf; Grinder


Innate Abilities, Weirdness & Mutations

You have a pair of antennae on your head.
When hurt, damage is shared between your health and your magic reserves.
You regenerate magic rapidly.
Spells you cast may paralyse adjacent enemies.


Message History

Grinder hits you.
You writhe in agony.
You can move again.
You are too injured to fight recklessly!
Unknown command.
Unknown command.
Unknown command.
Unknown command.
Unknown command.
You are too injured to fight recklessly!
You are too injured to fight recklessly!
You hit Grinder but do no damage.
Grinder is moderately wounded.
Grinder hits you but does no damage.
You slash Grinder!
Grinder is heavily wounded.
Grinder hits you.
You writhe in agony.
Grinder grins, showing sharp teeth.
Grinder hits you but does no damage.
You closely miss Grinder.
Grinder is heavily wounded.
Grinder completely misses you.
You closely miss Grinder.
Grinder is heavily wounded.
Grinder completely misses you.
You hit Grinder.
Grinder is heavily wounded.
Grinder barely misses you. Grinder completely misses you.
You hit Grinder but do no damage.
Grinder is heavily wounded.
Grinder gestures at you. Pain shoots through your body!
* * * LOW HITPOINT WARNING * * *
You closely miss Grinder.
Grinder is heavily wounded.
Grinder gestures at you.
You suddenly lose the ability to move!
Grinder hits you!
* * * LOW HITPOINT WARNING * * *
You writhe in agony.
You die...

### ♣♣♣) #.# #)){#♣))♣
#####.### #.))+)♣♣♣
#.......# #)))#♣♣
###.......# ###
.)........####
#..........# #....5..#
#....@..# #....)..# .
####..### ..###### .#
#..######.....^.... .#
######...........#######
.# .........#.####
........ .# #
########.#.# ######## .#
.# #.#.# # .####.# #.#.#
#


You could see Grinder (resistant).

Vanquished Creatures
  Eustachio (D:4)
  A water moccasin (D:4)
  An orc wizard (D:4)
  A hound skeleton (D:4)
  2 adders
  An adder skeleton (D:4)
  2 worms
  A dart slug (D:2)
  5 orcs
  7 ball pythons
  9 bats
  7 endoplasms
  5 giant cockroaches
  7 goblins
  4 hobgoblins
  3 jackals (D:2)
  16 kobolds
  4 quokkas
  5 frilled lizards
  5 rats
87 creatures vanquished.

Notes
Turn   | Place    | Note
-------+----------+-------------------------------------------
     0 | D:1      | Sin92 the Demonspawn Fighter began the quest for the Orb.
     0 | D:1      | Reached XP level 1. HP: 18/18 MP: 1/1
   190 | D:1      | Gained mutation: Spells you cast may paralyse adjacent
                  | enemies. [demonic ancestry]
   190 | D:1      | Reached XP level 2. HP: 17/24 MP: 2/2
   715 | D:1      | Found a faded altar of an unknown god.
   915 | D:1      | Discovered your monstrous ancestry.
   915 | D:1      | Gained mutation: You have a pair of small antennae on your
                  | head. [demonic ancestry]
   915 | D:1      | Reached XP level 3. HP: 24/29 MP: 3/3
  1114 | D:1      | Found Vyiclotu's Jewellery Emporium.
  2530 | D:3      | Gained mutation: You have a pair of antennae on your head.
                  | [demonic ancestry]
  2530 | D:3      | Reached XP level 4. HP: 35/35 MP: 4/4
  3286 | D:4      | Noticed Eustachio
  3328 | D:4      | Killed Eustachio
  3329 | D:4      | Gained mutation: You regenerate magic rapidly. [demonic
                  | ancestry]
  3329 | D:4      | Reached XP level 5. HP: 38/42 MP: 5/5
  3344 | D:4      | Found a transporter.
  3346 | D:4      | Noticed Arex's ghost (amateur MiBe)
  3346 | D:4      | Noticed an ogre
  3348 | D:4      | Found a transporter.
  3349 | D:4      | Identified the +9 giant spiked club "Rekh" {antimagic, rF-
                  | rN++ Dex+3}
  3349 | D:4      | Noticed an ogre
  3350 | D:4      | Noticed an ogre
  3674 | D:4      | Gained mutation: When hurt, damage is shared between your
                  | health and your magic reserves. [demonic ancestry]
  3674 | D:4      | Reached XP level 6. HP: 42/48 MP: 6/6
  3784 | D:4      | Noticed a water moccasin
  3792 | D:4      | Killed a water moccasin
  3955 | D:4      | Found a runed translucent door.
  3956 | D:4      | Noticed Crazy Yiuf
  4080 | D:4      | Noticed Grinder
  4092 | D:4      | Paralysed by Grinder for 7 turns
  4105 | D:4      | Paralysed by Grinder for 7 turns
  4106 | D:4      | HP: 1/48 [Grinder (5)]
  4106 | D:4      | Slain by Grinder

Illustrated notes

Levels and vault maps discovered:
D:1:      elethiomel_arrival_shortcut, layout_loops_ring,
          ebering_ecumenical_altar_webs, serial_shops, shop,
          minmay_misc_feat_nine_boxes
D:2:      layout_basic
D:3:      layout_loops_ring, minmay_crystal_water, minmay_tree_intersection
D:4:      layout_loops_ring, gammafunk_ghost_smash, uniq_crazy_yiuf_cottage,
          uniq_eustachio, uniq_grinder

Skill      XL: |  1  2  3  4  5  6 |
---------------+-------------------+-----
Axes           | 2 3 4 |  4.3
Shields        | 3 |  3.8
Armour         | 3 |  3.8
Fighting       | 4 |  4.2

Action                   |  1- 3 |  4- 6 || total
-------------------------+-------+-------++-------
Melee: War axe           |   141 |   121 ||   262
  Use: Scroll            |     4 |     2 ||     6
       Potion            |       |     2 ||     2
Armor: Scale mail        |    71 |    38 ||   109
Dodge: Dodged            |    85 |    80 ||   165
Block: Buckler           |    41 |    53 ||    94
